 Dungeon Crawl Stone Soup version 0.29-a0-360-g8ed1089bbe (webtiles) character file.

Game seed: 17372654805763868416

128 kevlar127 the Ruffian (level 4, -2/45 HPs)
             Began as a Troll Berserker on Apr 28, 2022.
             Was a Believer of Trog.
             Succumbed to a gnoll's poison
             ... on level 3 of the Dungeon.
             The game lasted 00:03:56 (1957 turns).

kevlar127 the Ruffian (Troll Berserker)             Turns: 1957, Time: 00:03:56

Health: -2/45      AC:  5    Str: 27    XL:     4   Next: 86%
Magic:  3/3        EV: 10    Int:  3    God:    Trog [**....]
Gold:   141        SH:  0    Dex:  9    Spells: 3/3 levels left

rFire   . . .      SeeInvis .     - Unarmed
rCold   . . .      Faith    .   (no shield)
rNeg    . . .      Spirit   .   a - +0 animal skin
rPois   .          Reflect  .   (helmet restricted)
rElec   .          Harm     .   l - +0 cloak
rCorr   .          Rampage  .   (gloves unavailable)
Will    .....                   (boots unavailable)
Stlth   +.........              (no amulet)
HPRegen 0.95/turn               (no ring)
MPRegen 0.08/turn               (no ring)

@: lethally poisoned (-2 -> -12)
A: large, unfitting armour, claws 3, regeneration 1, shaggy fur 1, tough skin 1
a: Renounce Religion, Berserk, Trog's Hand


You were on level 3 of the Dungeon.
You worshipped Trog.
Trog was pleased with you.
You visited 1 branch of the dungeon, and saw 3 of its levels.

You collected 141 gold pieces.

Inventory:

Missiles
 h - 165 stones (quivered)
Armour
 a - a +0 animal skin (worn)
 l - a +0 cloak (worn)
Scrolls
 c - 3 scrolls of identify {unknown}
 d - 4 scrolls of enchant weapon {unknown}
 e - a scroll of blinking {unknown}
 f - a scroll of brand weapon {unknown}
 j - 2 scrolls of vulnerability {unknown}
Potions
 b - 5 potions of curing {unknown}
 g - a potion of heal wounds {unknown}
 i - a potion of flight {unknown}
 k - a potion of degeneration {unknown}


   Skills:
 + Level 3.5 Fighting
 - Level 3.0 Dodging
 + Level 4.2 Unarmed Combat


You had 3 spell levels left.
You didn't know any spells.
Your spell library was empty.

Dungeon Overview and Level Annotations

Branches:
Dungeon (3/15)

Altars:


Innate Abilities, Weirdness & Mutations

You are too large for most types of armour.
You have claws for hands.
Your natural rate of healing is unusually fast.
You are covered in fur. (AC +1)
You have tough skin. (AC +1)


Message History

The rat misses you.
The gnoll hits you from afar with a +2 spear of venom.
You are poisoned.
You see here a +3 flail.
You closely miss the rat.
You feel very sick. The gnoll barely misses you. The rat bites you.
There are monsters nearby!
There are monsters nearby!
There are monsters nearby!
There are monsters nearby!
You closely miss the rat.
You feel sick.
The gnoll hits you from afar with a +2 spear of venom.
You are more poisoned.
The rat barely misses you.
You are too injured to fight recklessly!
You are too injured to fight recklessly!
You are too injured to fight recklessly!
You are too injured to fight recklessly!
You are too injured to fight recklessly!
You are too injured to fight recklessly!
You are too injured to fight recklessly!
You are too injured to fight recklessly!
You are too injured to fight recklessly!
You closely miss the kobold.
You feel very sick. The gnoll hits you but does no damage.
The rat barely misses you.
The gnoll hits you from afar with a +2 spear of venom.
* * * LOW HITPOINT WARNING * * *
You are lethally poisoned!
The kobold hits you but does no damage.
You claw the kobold!
You kill the kobold!
Trog accepts your kill.
* * * LOW HITPOINT WARNING * * *
You feel very sick.
The gnoll hits you from afar with a +0 spear!
* * * LOW HITPOINT WARNING * * *
The gnoll barely misses you. The rat closely misses you.
You die...

##### ....###
##############
#..<...
.............#
..#.############$#
.##>##...........#
#.......########@#
#...#...## #)#
#...#....# #r#
....#...[##


#gg #...#.....# #..# #.#.#.#.#.# .... #..###..#.# ≈#.#≈ #...#...#.#§ ≈ .#≈
#...........≈§≈≈ .# ≈ You could see 2 gnolls and a rat.

Vanquished Creatures
  Crazy Yiuf (D:2)
  4 adders (D:2)
  A gnoll (D:3)
  2 worms (D:2)
  A dart slug (D:3)
  An orc (D:3)
  3 ball pythons
  3 endoplasms (D:1)
  4 giant cockroaches
  2 goblins (D:3)
  4 hobgoblins
  3 jackals (D:1)
  5 bats
  3 frilled lizards (D:2)
  4 kobolds
  3 rats
44 creatures vanquished.

Notes
Turn   | Place    | Note
-------+----------+-------------------------------------------
     0 | D:1      | kevlar127 the Troll Berserker began the quest for the Orb.
     0 | D:1      | Reached XP level 1. HP: 22/22 MP: 0/0
   127 | D:1      | Reached XP level 2. HP: 29/29 MP: 1/1
   675 | D:2      | Reached XP level 3. HP: 33/36 MP: 2/2
   841 | D:2      | Reached ** piety under Trog
   954 | D:2      | Reached XP level 4. HP: 45/45 MP: 3/3
  1217 | D:2      | You fall into a shaft and drop 1 floor!
  1288 | D:2      | Found a runed translucent door.
  1289 | D:2      | Noticed Crazy Yiuf
  1294 | D:2      | Killed Crazy Yiuf
  1295 | D:2      | Reached skill level 4 in Unarmed Combat
  1956 | D:3      | HP: 1/45 [gnoll/+0 spear (7)]
  1957 | D:3      | Succumbed to a gnoll's poison

Illustrated notes

Levels and vault maps discovered:
D:1:      amcnicky_arrival_underground_garden, layout_basic
D:2:      layout_loops_cross, uniq_crazy_yiuf_cottage
D:3:      layout_loops_ring, nicolae_overflow_ecumenical_swirl, serial_shops,
          nicolae_shop_advertising_works [nicolae_subvault_shop_adworks],
          grunt_decor_junction, dreamdust_princess_bridge, minivault_25

Skill      XL: |  1  2  3  4 |
---------------+-------------+-----
Fighting       | 3 |  3.5
Dodging        | 3 |  3.0
Unarmed Combat | 4 |  4.2

Action                   |  1- 3 |  4- 6 || total
-------------------------+-------+-------++-------
Melee: Unarmed           |    78 |    23 ||   101
       Punch             |     1 |       ||     1
Invok: Berserk           |       |     1 ||     1
Armor: Animal skin       |    33 |     5 ||    38
Dodge: Dodged            |    48 |    14 ||    62

Table legend: (Time is in decaauts)
 A = Elapsed time spent in this place.
 B = Non-inter-level travel time spent in this place.
 C = Inter-level travel time spent in this place.
 D = Time resting spent in this place.
 E = Time spent auto-exploring this place.
 F = Levels seen in this place.
 G = Mean time per level.
                   A        B        C        D        E       F      G
               +--------+--------+--------+--------+--------+-----+--------+
         Total |   1962 |   1888 |     74 |    554 |   1074 |   3 |  654.0 |
       Dungeon |   1962 |   1888 |     74 |    554 |   1074 |   3 |  654.0 |
               +--------+--------+--------+--------+--------+-----+--------+

Top non-repeatable levels by time:
     D:2: 1277 daAuts
     D:1: 603 daAuts
     D:3: 81 daAuts
